 Dungeon Crawl Stone Soup version bcrawl-1.19.1 (webtiles) character file.

Game seed: 11629763145391607145

1598 JackS81 the Carver (level 8, -6/67 HPs)
             Began as a Naga Archaeologist on Dec 4, 2019.
             Was a Believer of Cheibriados.
             Mangled by an orc
             ... wielding a +0 hand axe
              (9 damage)
             ... on level 6 of the Dungeon on Dec 5, 2019.
             The game lasted 00:25:01 (6034 turns).

JackS81 the Carver (Naga Archaeologist)             Turns: 6034, Time: 00:25:02

Health: -6/67      AC:  6    Str: 23    XL:     8   Next: 93%
Magic:  11/11      EV: 11    Int: 21    God:    Cheibriados [**....]
Gold:   262        SH:  3    Dex: 17    Spells: 9/11 levels left

rFire    . . .     SeeInvis +   f - +6 demon blade "Bloodbane" {slice, *Tele *Drain +Rage Str+6}
rCold    . . .     Gourm    .   (no shield)
rNeg     . . .     Faith    .   b - +1 robe
rPois    +         Spirit   .   c - +1 hat
rElec    .         Reflect  .   m - +0 cloak
rCorr    .         Harm     .   (no gloves)
MR       +....     Rnd*Tele +   (no barding)
Stlth    +++.......             (no amulet)
HPRegen  0.21/turn              v - ring of poison resistance
MPRegen  0.12/turn              (no ring)

@: very slow
A: large, see invisible, blink, clever 1, deformed body, poison resistance,
screaming 1, slowness 2, slow metabolism 1, spit poison 1, weak 1, AC +2
a: Spit Poison, Blink, Bend Time, Renounce Religion, Evoke Berserk Rage


You were on level 6 of the Dungeon.
You worshipped Cheibriados.
Cheibriados was pleased with you.
You were not hungry.

You visited 1 branch of the dungeon, and saw 6 of its levels.

You collected 262 gold pieces.

Inventory:

Hand Weapons
 f - the +6 demon blade "Bloodbane" (weapon) {slice, *Tele *Drain +Rage Str+6}

   It inflicts extra damage upon your enemies.
   It affects your strength (+6).
   It lets you go berserk.
   It may teleport you next to monsters.
   It causes draining when unequipped.
 l - a +0 short sword of freezing
 u - a +1 long sword of venom
 w - a +0 dagger of chaos
Missiles
 h - 75 poisoned needles
 i - 1501 stones (quivered)
Armour
 b - a +1 robe (worn)
 c - a +1 hat (worn)
 e - a +2 scale mail of magic resistance
 m - a +0 cloak (worn)
Jewellery
 v - a ring of poison resistance (left hand)
Wands
 p - a wand of polymorph (5)
 x - a wand of iceblast (7)
Scrolls
 j - a scroll of remove curse
 o - 2 scrolls of amnesia {unknown}
 q - 6 scrolls of identify {unknown}
 s - a scroll of blinking {unknown}
 t - a scroll of magic mapping {unknown}
Potions
 k - a potion of haste
 r - a potion of brilliance
Comestibles
 a - 8 chunks of flesh
 g - 12 rations {!d}


   Skills:
 + Level 2.2 Fighting
 * Level 10.3 Long Blades
   Level 1.6 Maces & Flails
 * Level 3.4 Dodging
 + Level 6.4 Stealth
 * Level 2.1 Spellcasting
 - Level 1.1 Hexes
 - Level 1.1 Ice Magic


You had 9 spell levels left.
You knew the following spells:

 Your Spells              Type           Power        Failure   Level  Hunger
a - Ensorcelled Hibernat  Hex/Ice        #.....       14%         2    ##.....

Your spell library contained the following spells:

 Spells                   Type           Power        Failure   Level  Hunger
 Corona                   Hex            #......      10%         1    #......
 Confuse                  Hex            #.......     28%         3    ###....
 Tukima's Dance           Hex            #.......     28%         3    ###....
 Dazzling Spray           Conj/Hex       #.....       34%         3    ###....
 Yara's Violent Unravell  Hex/Tmut       #.........   75%         4    #####..
 Petrify                  Tmut/Erth      #.......     82%         4    #####..
 Metabolic Englaciation   Hex/Ice        #.........   95%         5    ######.
 Mana Rupture             Conj/Hex       #.........   100%        7    #######


Dungeon Overview and Level Annotations

Branches:
Dungeon (6/12)             Temple (0/1) D:5

Altars:
Cheibriados
Dithmenos
Hepliaklqana
Makhleb
Ru
Sif Muna
Trog
Uskayaw
Yredelemnul
Zin

Annotations:
D:5 3 runed translucent doors, dracos369's ghost, novice OpTm


Innate Abilities, Weirdness & Mutations

You cannot wear boots.
Your serpentine skin is tough. (AC +2)
You have supernaturally acute eyesight. (SInv)
Armour fits poorly on your strangely shaped body.
Your system is resistant to poisons. (rPois)
You cover ground very slowly.
You have a slow metabolism.
You can spit poison.
You can translocate small distances at will.
Your mind is acute. (Int +2)
You occasionally shout uncontrollably at your foes.
You are weak. (Str -2)


Message History

* * * LOW HITPOINT WARNING * * *
You barely miss the orc.
The adder skeleton bites you but does no damage.
The orc wizard looks braver for a moment.
The orc closely misses you. The adder closely misses you.
You barely miss the orc. The adder skeleton barely misses you.
The adder bites you but does no damage. The orc closely misses you.
You slice the orc!!
You kill the orc!
Cheibriados appreciates the change of pace.
The adder skeleton bites you but does no damage.
The adder closely misses you.
You hit the orc.
The orc is heavily wounded.
You block the adder skeleton's attack. The adder bites you but does no damage.
You slice the orc wizard!!
You kill the orc wizard!
Cheibriados appreciates the change of pace.
The orc hits you with a +0 hand axe!
You die...

#. .# #.
#.# .# .(
#.## #.# #.
... ...
##..##.##.#
#...#.....#
#.........#
#..(.Z.##
#....S@.#
#....)o.#
#......<..
#......####
#.......
#....#.#
#.....>#
#....###


You could see an adder, an orc and an adder skeleton.

Vanquished Creatures
  Eustachio (D:6)
  Edmund (D:5)
  An ice beast (D:5)
  A bullfrog (D:5)
  A centaur (D:6)
  Blork the orc (D:6)
  3 scorpions (D:5)
  A crimson imp (D:4)
  A jelly (D:5)
  An orc priest (D:3)
  5 hounds
  Crazy Yiuf (D:2)
  A centaur skeleton (D:4)
  7 orc wizards
  An iguana (D:4)
  Ijyb (D:4)
  Terence (D:2)
  3 worker ants
  A mummy (D:4)
  4 gnolls (D:5)
  6 adders
  A shadow imp (D:4)
  2 adder skeletons
  A worm (D:3)
  6 dart slugs
  2 leopard geckos
  14 orcs
  6 giant cockroaches
  6 hobgoblins
  7 jackals
  5 kobolds
  2 quokkas
  2 ball pythons
  4 bats
  6 frilled lizards
  10 goblins
  A goblin zombie (D:4)
  A hobgoblin zombie (D:4)
  4 rats (D:1)
123 creatures vanquished.

Notes
Turn   | Place    | Note
-------+----------+-------------------------------------------
     0 | D:1      | JackS81 the Naga Archaeologist began the quest for the Orb.
     0 | D:1      | Reached XP level 1. HP: 18/18 MP: 1/1
   114 | D:1      | Reached skill level 5 in Stealth
   165 | D:1      | Reached XP level 2. HP: 7/25 MP: 2/2
  1110 | D:1      | Reached XP level 3. HP: 30/31 MP: 3/3
  1291 | D:1      | Reached skill level 1 in Long Blades
  1597 | D:2      | Reached skill level 2 in Long Blades
  1781 | D:2      | Noticed Terence
  1797 | D:2      | Gained mutation: You can translocate small distances at
                  | will. [potion of mutation]
  1797 | D:2      | Gained mutation: You are weak. (Str -2) [potion of
                  | mutation]
  1797 | D:2      | Gained mutation: You occasionally shout uncontrollably at
                  | your foes. [potion of mutation]
  1797 | D:2      | Gained mutation: Your mind is acute. (Int +2) [potion of
                  | mutation]
  1799 | D:2      | Reached skill level 3 in Long Blades
  1801 | D:2      | Killed Terence
  1801 | D:2      | Reached skill level 4 in Long Blades
  1801 | D:2      | Reached XP level 4. HP: 5/38 MP: 4/4
  2462 | D:2      | Found a runed door.
  2478 | D:2      | Found a bloodstained altar of Trog.
  2827 | D:2      | Noticed Crazy Yiuf
  2847 | D:2      | Killed Crazy Yiuf
  2847 | D:2      | Reached skill level 5 in Long Blades
  2847 | D:2      | Reached XP level 5. HP: 44/44 MP: 5/5
  3164 | D:3      | Learned a level 2 spell: Ensorcelled Hibernation
  3316 | D:3      | Found a glowing silver altar of Zin.
  3709 | D:3      | Found a shadowy altar of Dithmenos.
  3821 | D:3      | Found a snail-covered altar of Cheibriados.
  3836 | D:3      | Became a worshipper of Cheibriados the Contemplative
  3877 | D:3      | Found a burning altar of Makhleb.
  4017 | D:4      | Reached skill level 1 in Spellcasting
  4017 | D:4      | Reached skill level 1 in Hexes
  4017 | D:4      | Reached skill level 1 in Ice Magic
  4017 | D:4      | Reached XP level 6. HP: 48/51 MP: 7/7
  4042 | D:4      | Reached skill level 6 in Long Blades
  4300 | D:4      | Noticed Ijyb
  4353 | D:4      | Killed Ijyb
  4527 | D:4      | Reached skill level 7 in Long Blades
  4591 | D:4      | Reached * piety under Cheibriados
  4591 | D:4      | Reached XP level 7. HP: 43/57 MP: 8/8
  4877 | D:5      | Entered Level 5 of the Dungeon
  4890 | D:5      | Reached skill level 8 in Long Blades
  5104 | D:5      | Reached skill level 9 in Long Blades
  5104 | D:5      | Reached XP level 8. HP: 56/64 MP: 9/9
  5202 | D:5      | Noticed Edmund
  5226 | D:5      | Killed Edmund
  5440 | D:5      | Found a staircase to the Ecumenical Temple.
  5477 | D:5      | Noticed dracos369's ghost (novice OpTm)
  5556 | D:5      | Found a runed translucent gate.
  5569 | D:5      | Reached ** piety under Cheibriados
  5709 | D:5      | Found a runed translucent gate.
  5709 | D:5      | Found a runed translucent gate.
  5872 | D:5      | Found a hazy altar of Hepliaklqana.
  5872 | D:5      | Found a sacrificial altar of Ru.
  5880 | D:5      | Found a basalt altar of Yredelemnul.
  5880 | D:5      | Found a hide-covered altar of Uskayaw.
  5880 | D:5      | Found a shimmering blue altar of Sif Muna.
  5912 | D:6      | Noticed Blork the orc
  5915 | D:6      | Noticed Eustachio
  5931 | D:6      | Killed Blork the orc
  5946 | D:6      | Killed Eustachio
  5946 | D:6      | Reached skill level 10 in Long Blades
  6029 | D:6      | HP: 3/67 [adder (3)]
  6034 | D:6      | Mangled by an orc

Skill      XL: |  1  2  3  4  5  6  7  8 |
---------------+-------------------------+-----
Stealth        | 5 6 |  6.4
Long Blades    | 4 5 7 9 10 | 10.3
Spellcasting   | 1 2 |  2.1
Hexes          | 1 |  1.1
Ice Magic      | 1 |  1.1
Dodging        | 3 |  3.4
Fighting       | 2 |  2.2
Maces & Flails | |  1.6

Action                   |  1- 3 |  4- 6 |  7- 9 || total
-------------------------+-------+-------+-------++-------
Melee: Whip              |   141 |       |       ||   141
       Short sword       |    47 |   128 |       ||   175
       Long sword        |       |    56 |       ||    56
       Demon blade       |       |    15 |   107 ||   122
Throw: Stone             |    29 |    21 |       ||    50
 Cast: Ensorcelled Hiber |       |       |     1 ||     1
 Abil: Spit Poison       |     3 |     2 |     2 ||     7
  Use: Potion            |     2 |     6 |     1 ||     9
       Scroll            |       |     1 |     1 ||     2
 Stab: Sleeping          |     7 |     6 |     4 ||    17
       Invisible         |       |     2 |       ||     2
  Eat: Chunk             |     2 |     8 |     3 ||    13
Armor: Robe              |    66 |    63 |    33 ||   162
       Skin              |       |    10 |       ||    10
Dodge: Dodged            |   115 |   116 |    71 ||   302
Block: Other             |       |     3 |    12 ||    15
